 Dungeon Crawl Stone Soup version 0.18-a0-1666-g3ea6f2b (webtiles) character file.

83 Ijustatesigmund the Sneak (level 4, -4/27 HPs)
             Began as a Kobold Assassin on Mar 31, 2016.
             Slain by an orc
             ... wielding a +2 hand axe of electrocution
              (17 damage)
             ... on level 3 of the Dungeon.
             The game lasted 00:08:22 (2000 turns).

Ijustatesigmund the Sneak (Kobold Assassin)         Turns: 2000, Time: 00:08:23

Health: -4/27      AC:  6    Str:  7 (9)  XL:     4   Next: 71%
Magic:  4/4        EV:  9    Int:  8 (10) God:
Gold:   150        SH:  0    Dex: 20 (21) Spells: 0 memorised, 3 levels left

rFire  . . .     SeeInvis .     r - +3 dagger
rCold  . . .     Gourm    .     n - +0 leather armour (curse)
rNeg   . . .     Faith    .     (shield restricted)
rPois  .         Spirit   .     (no helmet)
rElec  .         Dismiss  .     d - +1 cloak
rCorr  .         Reflect  .     l - +0 pair of gloves
SustAt .         Harm     .     (no boots)
MR     .....                    (no amulet)
Stlth  ++++......               (no ring)
                                h - +4 ring of dexterity

@: not resistant to hostile enchantments, stealthy
A: carnivore 3
a: no special abilities


You were on level 3 of the Dungeon.
You were very full.

You visited 1 branch of the dungeon, and saw 3 of its levels.

You collected 150 gold pieces.

Inventory:

Hand Weapons
 a - a +2 dagger
 b - a +1 blowgun
 r - a +3 dagger (weapon)
Missiles
 e - 6 poisoned needles
 f - 2 curare-tipped needles
Armour
 d - a +1 cloak (worn)
 l - a +0 pair of gloves (worn)
 n - a cursed +0 leather armour (worn)
 t - a fire dragon hide
Jewellery
 h - a +4 ring of dexterity (left hand)
Wands
 p - a wand of slowing (25/48)
Scrolls
 m - 2 scrolls of amnesia
 q - a scroll of remove curse
 w - a scroll of noise {unknown}
Potions
 c - 3 potions of curing
 i - 2 potions of heal wounds
 k - a potion of invisibility
 o - a potion of berserk rage {unknown}
 s - a potion of experience {unknown}
 u - 2 potions of lignification {unknown}
Comestibles
 g - 2 meat rations
 j - 3 beef jerkies


   Skills:
 + Level 2.5 Fighting
 - Level 4.2 Short Blades
 + Level 2.5 Throwing
 + Level 1.9 Dodging
 - Level 6.3 Stealth


You had 3 spell levels left.
You didn't know any spells.

Dungeon Overview and Level Annotations

Branches:
Dungeon (3/15)

Altars:


Innate Abilities, Weirdness & Mutations

You are small and have problems with some larger weapons.
You are carnivorous and can eat meat at any time.


Message History

a chain mail; a hand axe
There is a stone staircase leading down here.
You climb downwards.
The orc hits you but does no damage.
There is a stone staircase leading up here.
You hit the orc but do no damage. The orc closely misses you.
The orc misses you.
You hit the orc but do no damage. The orc hits you but does no damage.
The orc closely misses you.
You hit the orc but do no damage.
The orc hits you with a hand axe of electrocution.
You hit the orc.
The orc is almost dead.
The orc hits you but does no damage.
You hit the orc but do no damage.
The orc is almost dead.
The orc closely misses you. The orc hits you with a club.
The orc hits you with a hand axe of electrocution!
You are electrocuted!
Ouch! That really hurt!
You die...

#.# #.#.##.## ##.##.
#####.#########.#.###.###.###.
#.................%....#..###.
#...<.......#.#.#.# #.......[.
#.#####.###.#.#.#.# #..##.###.
.......###.#.#.#.###..##.##..
#..................##.#.##
#.......o.o..[)().....#.
#...###.#@######....###
...##...# #.#S# #..#....?..
........###.#.#######...#####.
..................# ##.##
...........)....#.# #.#
............###.# #.#
...#######.## #.# ####.# ...
#.# #.# .. .. . ## #.# ##.##.#
.%.


You could see an adder and 2 orcs.

Vanquished Creatures
  An adder (D:3)
  A worm (D:3)
  2 dart slugs
  A giant gecko (D:1)
  6 orcs
  A giant cockroach (D:2)
  4 goblins
  9 hobgoblins
  4 jackals (D:1)
  A quokka (D:2)
  8 bats
  7 giant newts
  6 kobolds
  7 rats
58 creatures vanquished.

Notes
Turn   | Place    | Note
--------------------------------------------------------------
     0 | D:1      | Ijustatesigmund the Kobold Assassin began the quest for the Orb.
     0 | D:1      | Reached XP level 1. HP: 12/12 MP: 1/1
   315 | D:1      | Reached XP level 2. HP: 17/17 MP: 2/2
   598 | D:1      | Reached skill level 6 in Stealth
   598 | D:1      | Reached XP level 3. HP: 13/21 MP: 3/3
  1285 | D:2      | Reached XP level 4. HP: 26/26 MP: 4/4
  2000 | D:3      | Slain by an orc

Vault maps used:
D:1:      shiori_arrival_maze
D:2:      minmay_misc_feat_square
D:3:      cheibriados_altar_1

Skill      XL: |  1  2  3 |
---------------+----------+-----
Short Blades   | 3 4 |  4.2
Stealth        | 6 |  6.3
Fighting       | |  2.5
Throwing       | |  2.5
Dodging        | |  1.9

Action                   |  1- 3 |  4- 6 || total
-------------------------+-------+-------++-------
Melee: Dagger            |   106 |    34 ||   140
 Fire: Blowgun           |       |     9 ||     9
  Use: Scroll            |     7 |     3 ||    10
       Potion            |       |     2 ||     2
 Stab: Sleeping          |     9 |     4 ||    13
       Distracted        |     1 |     1 ||     2
  Eat: Chunk             |     7 |     3 ||    10
